 Dungeon Crawl Stone Soup version 0.29.0-4-gdea44cf6ec (webtiles) character file.

Game seed: 5685228235414938922

3929 qw the Cleaver (level 10, -5/60 HPs)
             Began as a Tengu Warper on Aug 29, 2022.
             Was an Elder of Okawaru.
             Slain by Erica
             ... wielding a +4 scimitar of flaming
              (10 damage)
             ... on level 8 of the Dungeon.
             The game lasted 00:01:12 (7494 turns).

qw the Cleaver (Tengu Warper)                       Turns: 7494, Time: 00:01:13

Health: -5/60      AC: 14    Str: 16    XL:     10   Next: 21%
Magic:  14/14      EV:  9    Int: 13    God:    Okawaru [****..]
Gold:   399        SH: 13    Dex: 14    Spells: 13/13 levels left

rFire   . . .      SeeInvis .   g - +1 war axe
rCold   . . .      Faith    .   e - +0 kite shield
rNeg    . . .      Spirit   .   r - +0 plate armour
rPois   .          Reflect  +   a - +2 hat {Stlth+}
rElec   .          Harm     .   (no cloak)
rCorr   .          Rampage  .   (no gloves)
Will    .....                   (boots unavailable)
Stlth   ..........              b - amulet of reflection
HPRegen 0.20/turn               h - +4 ring of evasion
MPRegen 0.14/turn               j - +4 ring of slaying {mikee}

@: lethally poisoned (-5 -> -23), flying quickly and evasively, quick
A: beak, talons 3, nimble flight
a: Renounce Religion, Heroism, Finesse


You were on level 8 of the Dungeon.
You worshipped Okawaru.
Okawaru was greatly pleased with you.
You visited 1 branch of the dungeon, and saw 8 of its levels.

You collected 399 gold pieces.


Innate Abilities, Weirdness & Mutations

You have a beak for a mouth.
You have claws for feet.
Your magical nature lets you fly swiftly and evasively.


   Skills:
 - Level 5.8 Fighting
 - Level 12.0 Axes
 - Level 1.0 Throwing
 - Level 5.6 Armour
 - Level 3.1 Dodging
 + Level 1.9 Shields
 - Level 2.0 Spellcasting
 - Level 2.4 Translocations
 + Level 4.1 Invocations


You had 13 spell levels left.
You didn't know any spells.
Your spell library contained the following spells:

 Spells                   Type           Power      Damage    Failure   Level
 Blink                    Tloc           14%        N/A       100%        2
 Gell's Gravitas          Tloc           7%         N/A       100%        3
 Lesser Beckoning         Tloc           7%         N/A       100%        3
 Teleport Other           Tloc           7%         N/A       100%        3
 Manifold Assault         Tloc           7%         N/A       100%        5

Inventory:

Hand Weapons
 g - a +1 war axe (weapon)
 k - a +0 flail
Missiles
 l - 2 boomerangs (quivered)
Armour
 a - a +2 hat of stealth (worn)
 e - a +0 kite shield (worn)
 r - a +0 plate armour (worn)
Jewellery
 b - an amulet of reflection (around neck)
 c - a ring of fire
 h - a +4 ring of evasion (left hand)
 j - a +4 ring of slaying (right hand) {mikee}
Scrolls
 f - 4 scrolls of teleportation
 p - a scroll of identify
Potions
 d - a potion of mutation
 m - a potion of heal wounds
 n - a potion of haste
 o - a potion of resistance
 q - a potion of degeneration {unknown}

Dungeon Overview and Level Annotations

Branches:
Dungeon (8/15)             Temple (0/1) D:6
   Lair: D:8-11

Altars:
Ashenzari
Dithmenos
Hepliaklqana
Kikubaaqudgha
Makhleb
Okawaru
Qazlal
Uskayaw
Xom
The Shining One

Shops:
D:6 :

Annotations:
D:8 Erica


Message History

You slash the bullfrog! Your kick misses the bullfrog. You peck the bullfrog.
The bullfrog is severely wounded.
You block the bullfrog's attack.
You slice the bullfrog!!
You kill the bullfrog!
Okawaru accepts your kill.
Erica the Fiery-Tempered comes into view.
She is wielding a +4 scimitar of flaming and wearing a +2 robe of willpower.
Erica shouts!
Erica casts a spell.
Erica flickers and vanishes!
Deactivating autopickup; reactivate with Ctrl-A.
Enter note: You swing at nothing.
You swing at nothing.
You swing at nothing.
You hear some strange, mumbled words.
A bolt of poison appears from out of thin air!
The bolt of poison hits you.
You are poisoned.
You swing at nothing.
You feel very sick.
You hit something.
You feel very sick. Something hits you! Something burns you.
You closely miss something.
You feel sick.
You hear some strange, mumbled words.
A lance of force appears from out of thin air!
The lance of force reflects off an invisible shield around you!
The lance of force hits something!!
You miss something. You claw something.
You feel sick.
You hear some strange, mumbled words.
A bolt of poison appears from out of thin air!
The bolt of poison hits you!!
You are more poisoned.
You hit something. Your peck misses something.
You feel very sick. Something hits you!
You die...

## #.........#.#.#.. #
#. .........#.#.#.> ..
#.###.#......#.#....
#.##...#.#..%...#.#####
........#...<..#......
#.....#......######%
###.#.....#......######.
......................#.
###.###@#####.###.#[#.#.
#...{.###.....#.#.#.#.
########......#.#.#...
#......#.#.####
#......#.#.....
#........######
#......### # ######## #
#


There were no monsters in sight!

Vanquished Creatures
  2 trolls
  A hornet (D:8)
  A wyvern (D:8)
  Eustachio (D:4)
  2 orc warriors (D:7)
  3 ice beasts
  2 sky beasts (D:7)
  3 black bears
  2 ogres
  4 phantoms
  A kobold brigand (D:6)
  A bullfrog (D:8)
  A necrophage (D:6)
  6 killer bees (D:7)
  A howler monkey (D:6)
  An electric eel (D:7)
  9 hounds
  3 orc priests
  A gnoll bouda (D:7)
  3 jellies
  4 iguanas
  8 orc wizards
  12 gnolls
  12 adders
  A white imp (D:5)
  An ufetubus (D:5)
  A dart slug (D:1)
  12 orcs
  12 ball pythons
  2 endoplasms
  4 giant cockroaches
  10 goblins
  4 hobgoblins (D:3)
  6 jackals
  7 kobolds
  6 quokkas
  2 bats
  2 frilled lizards (D:2)
  4 rats
158 creatures vanquished.

Notes
Turn   | Place    | Note
-------+----------+-------------------------------------------
     0 | D:1      | qw the Tengu Warper began the quest for the Orb.
     0 | D:1      | Reached XP level 1. HP: 12/12 MP: 4/4
     0 | D:1      | 0 ||| qw: Version: 0.1-a-89-g26bdef1
     0 | D:1      | 0 ||| qw: Game counter: 3512
     0 | D:1      | 0 ||| qw: Always use a shield: true
     0 | D:1      | 0 ||| qw: God list: Okawaru
     0 | D:1      | 0 ||| qw: Allow faded altars: false
     0 | D:1      | 0 ||| qw: Do Orc after D:15 true
     0 | D:1      | 0 ||| qw: Do second Lair branch before Depths: true
     0 | D:1      | 0 ||| qw: Lair rune preference: random
     0 | D:1      | 0 ||| qw: Plans: Normal
     0 | D:1      | 0 ||| PLANNING D:1-11
   189 | D:1      | Found a faded altar of an unknown god.
   203 | D:1      | 203 ||| Stepping ~*~*~tactically~*~*~ (stealth).
   214 | D:1      | Reached XP level 2. HP: 15/17 MP: 6/6
   215 | D:1      | Reached skill level 3 in Axes
   649 | D:1      | 649 ||| DROPPING +0 club.
   930 | D:1      | 930 ||| UPGRADING to +2 leather armour of cold resistance.
   940 | D:1      | 940 ||| DROPPING +0 leather armour.
   941 | D:1      | 941 ||| UPGRADING to +0 scale mail.
   951 | D:1      | 951 ||| DROPPING +2 leather armour of cold resistance.
   952 | D:1      | 952 ||| UPGRADING to +4 ring of evasion.
   953 | D:1      | 953 ||| UPGRADING to +4 ring of slaying {mikee}.
   954 | D:1      | 954 ||| READING scroll labelled UCHIDA ILIT.
   955 | D:1      | 955 ||| READING scroll labelled ISOGIYKOOJ.
   955 | D:1      | Identified a scroll of acquirement
   955 | D:1      | 955 ||| ACQUIRING +2 hat of stealth
   955 | D:1      | Acquired a +2 hat of stealth
   957 | D:1      | 957 ||| UPGRADING to +2 hat of stealth.
   962 | D:1      | 962 ||| READING scroll labelled YWU VODYSYGG.
   967 | D:1      | 967 ||| DRINKING 2 lumpy amethyst potions.
   968 | D:1      | 968 ||| DRINKING 2 viscous cyan potions.
   969 | D:1      | 969 ||| DROPPING scroll of blinking.
  1027 | D:2      | 1027 ||| SWAPPING to +0 hand axe of electrocution.
  1028 | D:2      | 1028 ||| DROPPING +0 hand axe.
  1078 | D:2      | Found an ancient bone altar of Kikubaaqudgha.
  1176 | D:2      | Reached XP level 3. HP: 21/21 MP: 7/7
  1188 | D:2      | 1188 ||| Stepping ~*~*~tactically~*~*~ (stealth).
  1221 | D:2      | Reached skill level 4 in Axes
  1454 | D:2      | Reached XP level 4. HP: 26/26 MP: 8/8
  1882 | D:2      | 1882 ||| Stepping ~*~*~tactically~*~*~ (stealth).
  1885 | D:2      | 1885 ||| Stepping ~*~*~tactically~*~*~ (stealth).
  1920 | D:2      | 1920 ||| DROPPING ring of willpower.
  1921 | D:2      | 1921 ||| READING scroll labelled HYLUFO LER VAU.
  1922 | D:2      | 1922 ||| DRINKING 2 puce potions.
  1923 | D:2      | 1923 ||| DROPPING potion of flight.
  1978 | D:3      | 1978 ||| Stepping ~*~*~tactically~*~*~ (hiding).
  1980 | D:3      | 1980 ||| Stepping ~*~*~tactically~*~*~ (hiding).
  1981 | D:3      | 1981 ||| Stepping ~*~*~tactically~*~*~ (hiding).
  2139 | D:3      | Reached skill level 5 in Axes
  2169 | D:3      | 2169 ||| DRINKING potion of curing.
  2169 | D:3      | 2169 ||| (to cure confusion)
  2172 | D:3      | Gained mutation: Your magical nature lets you fly swiftly
                  | and evasively. [Tengu growth]
  2172 | D:3      | Reached XP level 5. HP: 17/30 MP: 9/9
  2222 | D:3      | 2222 ||| Stepping ~*~*~tactically~*~*~ (stealth).
  2223 | D:3      | 2223 ||| Stepping ~*~*~tactically~*~*~ (stealth).
  2224 | D:3      | 2224 ||| Stepping ~*~*~tactically~*~*~ (stealth).
  2300 | D:3      | Found a stormy altar of Qazlal.
  2343 | D:3      | 2343 ||| Stepping ~*~*~tactically~*~*~ (stealth).
  2363 | D:3      | Reached skill level 6 in Axes
  2477 | D:3      | 2477 ||| DROPPING +0 mace.
  2498 | D:3      | 2498 ||| Stepping ~*~*~tactically~*~*~ (stealth).
  2507 | D:3      | Found an ancient bone altar of Kikubaaqudgha.
  2639 | D:3      | Found an iron altar of Okawaru.
  2647 | D:3      | Became a worshipper of Warmaster Okawaru
  2872 | D:3      | 2872 ||| UPGRADING to +0 chain mail.
  2882 | D:3      | 2882 ||| DROPPING +0 scale mail.
  2883 | D:3      | 2883 ||| UPGRADING to amulet of reflection.
  2888 | D:3      | 2888 ||| READING scroll labelled VUIMYX WATIKHY.
  2889 | D:3      | 2889 ||| READING scroll labelled GATOUNKA UMED.
  2890 | D:3      | 2890 ||| READING 2 scrolls labelled FUILIM QICK.
  2891 | D:3      | 2891 ||| DROPPING scroll of poison.
  2892 | D:3      | 2892 ||| READING scroll of teleportation.
  2909 | D:4      | Noticed Eustachio
  2910 | D:4      | 2910 ||| Stepping ~*~*~tactically~*~*~ (stealth).
  2916 | D:4      | Reached XP level 6. HP: 35/35 MP: 10/10
  2945 | D:4      | 2945 ||| Stepping ~*~*~tactically~*~*~ (stealth).
  2947 | D:4      | 2947 ||| Stepping ~*~*~tactically~*~*~ (stealth).
  2949 | D:4      | 2949 ||| Stepping ~*~*~tactically~*~*~ (stealth).
  2951 | D:4      | 2951 ||| Stepping ~*~*~tactically~*~*~ (stealth).
  2957 | D:4      | Killed Eustachio
  2957 | D:4      | Reached * piety under Okawaru
  2958 | D:4      | Reached skill level 7 in Axes
  2961 | D:4      | Reached skill level 1 in Invocations
  2961 | D:4      | Reached XP level 7. HP: 33/40 MP: 11/11
  3025 | D:4      | 3025 ||| Stepping ~*~*~tactically~*~*~ (stealth).
  3044 | D:4      | 3044 ||| FLEEEEING.
  3045 | D:4      | 3045 ||| FLEEEEING.
  3046 | D:4      | 3046 ||| FLEEEEING.
  3047 | D:4      | 3047 ||| FLEEEEING.
  3048 | D:4      | 3048 ||| FLEEEEING.
  3049 | D:4      | 3049 ||| FLEEEEING.
  3050 | D:4      | 3050 ||| FLEEEEING.
  3051 | D:4      | 3051 ||| FLEEEEING.
  3052 | D:4      | 3052 ||| FLEEEEING.
  3053 | D:4      | 3053 ||| FLEEEEING.
  3055 | D:4      | 3055 ||| FLEEEEING.
  3096 | D:4      | 3096 ||| INVOKING Heroism.
  3100 | D:4      | Reached skill level 3 in Fighting
  3303 | D:4      | 3303 ||| Stepping ~*~*~tactically~*~*~ (stealth).
  3336 | D:4      | 3336 ||| Stepping ~*~*~tactically~*~*~ (hiding).
  3607 | D:4      | 3607 ||| INVOKING Heroism.
  3729 | D:4      | 3729 ||| DROPPING ring of resist corrosion.
  3730 | D:4      | 3730 ||| READING scroll labelled WUMYIMNAWN.
  3731 | D:4      | 3731 ||| READING scroll labelled OSSAET FEUSON GOH.
  3750 | D:5      | Entered Level 5 of the Dungeon
  3765 | D:5      | 3765 ||| INVOKING Heroism.
  3775 | D:5      | Reached skill level 8 in Axes
  3775 | D:5      | Reached skill level 3 in Invocations
  3874 | D:5      | Reached XP level 8. HP: 46/46 MP: 12/12
  3961 | D:5      | Found a shimmering altar of Xom.
  3961 | D:5      | Found a glowing golden altar of the Shining One.
  3961 | D:5      | Found a broken altar of Ashenzari.
  4001 | D:5      | Found a hazy altar of Hepliaklqana.
  4005 | D:5      | Found a shadowy altar of Dithmenos.
  4005 | D:5      | Noticed a shadow
  4108 | D:5      | Reached ** piety under Okawaru
  4109 | D:5      | 4109 ||| Stepping ~*~*~tactically~*~*~ (stealth).
  4111 | D:5      | 4111 ||| Stepping ~*~*~tactically~*~*~ (hiding).
  4113 | D:5      | 4113 ||| Stepping ~*~*~tactically~*~*~ (hiding).
  4252 | D:5      | 4252 ||| INVOKING Heroism.
  4609 | D:5      | 4609 ||| DROPPING amulet of the acrobat.
  4610 | D:5      | 4610 ||| READING scroll labelled CANIYP XIPTIRA.
  4670 | D:6      | Reached skill level 9 in Axes
  4671 | D:6      | Noticed a troll
  4672 | D:6      | 4672 ||| INVOKING Heroism.
  4683 | D:6      | Killed a troll
  5125 | D:6      | 5125 ||| INVOKING Heroism.
  5305 | D:6      | Reached XP level 9. HP: 42/52 MP: 13/13
  5406 | D:6      | Found Arinteg's Self-Improvement Boutique.
  5479 | D:6      | 5479 ||| Stepping ~*~*~tactically~*~*~ (stealth).
  5503 | D:6      | Reached *** piety under Okawaru
  5504 | D:6      | Reached skill level 10 in Axes
  5516 | D:6      | 5516 ||| Stepping ~*~*~tactically~*~*~ (stealth).
  5521 | D:6      | 5521 ||| Stepping ~*~*~tactically~*~*~ (stealth).
  5532 | D:6      | 5532 ||| Stepping ~*~*~tactically~*~*~ (stealth).
  5539 | D:6      | Reached skill level 3 in Dodging
  5548 | D:6      | 5548 ||| Stepping ~*~*~tactically~*~*~ (stealth).
  5553 | D:6      | 5553 ||| INVOKING Heroism.
  5614 | D:6      | Found a staircase to the Ecumenical Temple.
  5740 | D:6      | 5740 ||| INVOKING Heroism.
  5809 | D:6      | 5809 ||| READING scroll labelled ISSOL FASTYNT.
  5810 | D:6      | 5810 ||| DRINKING 2 black potions.
  5811 | D:6      | 5811 ||| READING 2 scrolls of identify.
  5811 | D:6      | 5811 ||| IDENTIFYING fuming emerald potion
  5857 | D:7      | 5857 ||| INVOKING Heroism.
  5946 | D:7      | 5946 ||| SWAPPING to +0 war axe.
  5947 | D:7      | 5947 ||| DROPPING +1 hand axe of electrocution.
  5950 | D:7      | 5950 ||| INVOKING Heroism.
  5983 | D:7      | You are sucked into a shaft and drop 1 floor!
  5996 | D:8      | 5996 ||| INVOKING Heroism.
  6001 | D:8      | 6001 ||| DRINKING potion of curing.
  6001 | D:8      | 6001 ||| (to cure confusion)
  6069 | D:8      | Noticed a hornet
  6073 | D:8      | Reached skill level 11 in Axes
  6076 | D:8      | Killed a hornet
  6197 | D:8      | 6197 ||| UPGRADING to +0 plate armour.
  6207 | D:8      | 6207 ||| DROPPING +0 chain mail.
  6215 | D:8      | 6215 ||| INVOKING Heroism.
  6216 | D:8      | 6216 ||| STAIRDANCE
  6226 | D:7      | Noticed a troll
  6229 | D:7      | 6229 ||| INVOKING Heroism.
  6237 | D:7      | Killed a troll
  6442 | D:7      | Found a hide-covered altar of Uskayaw.
  6479 | D:7      | 6479 ||| INVOKING Heroism.
  6506 | D:7      | 6506 ||| Stepping ~*~*~tactically~*~*~ (stealth).
  6508 | D:7      | 6508 ||| Stepping ~*~*~tactically~*~*~ (hiding).
  6510 | D:7      | 6510 ||| INVOKING Heroism.
  6594 | D:7      | 6594 ||| INVOKING Heroism.
  6596 | D:7      | Found a burning altar of Makhleb.
  6601 | D:7      | Reached XP level 10. HP: 40/59 MP: 11/14
  6604 | D:7      | Reached skill level 12 in Axes
  6705 | D:7      | 6705 ||| DROPPING +1 whip of venom.
  6721 | D:7      | 6721 ||| READING scroll of enchant weapon.
  6721 | D:7      | 6721 ||| ENCHANTING +0 war axe.
  6794 | D:7      | Reached **** piety under Okawaru
  7082 | D:7      | 7082 ||| INVOKING Heroism.
  7252 | D:7      | 7252 ||| UPGRADING to +0 kite shield.
  7257 | D:7      | 7257 ||| DRINKING 2 green potions.
  7258 | D:7      | 7258 ||| READING 2 scrolls of identify.
  7258 | D:7      | 7258 ||| IDENTIFYING murky green potion
  7259 | D:7      | 7259 ||| DROPPING potion of berserk rage.
  7314 | D:8      | 7314 ||| STAIRDANCE
  7316 | D:7      | 7316 ||| INVOKING Heroism.
  7320 | D:7      | Reached skill level 1 in Shields
  7486 | D:8      | Noticed Erica
  7493 | D:8      | HP: 11/60 [something/bolt of poison (24)]
  7494 | D:8      | HP: 5/60 [poisoned by Erica (bolt of poison)]
  7494 | D:8      | Slain by Erica

Levels and vault maps discovered:
D:1:      moated_graveyard_arrival, layout_loops_ring, basic_ecumenical_altar
D:2:      layout_basic, basic_altar
D:3:      layout_basic, mainiacjoe_overflow_brackets,
          chequers_temple_overflow_statue_of_worship, minmay_bisected
D:4:      cheibrodos_quashed, layout_cave_pools, uniq_eustachio
D:5:      layout_cave_pods, gammafunk_temple_overflow_forgotten,
          riverfiend_overflow_shadow_ancestor
D:6:      layout_loops_ring, minmay_temple_entry_antechambers,
          nicolae_shop_self_help
D:7:      layout_cave_pods, lemuel_tele_altar, bloody_makhleb,
          nicolae_lava_and_water
D:8:      layout_basic, nicolae_ru_great_annihilating_truth,
          kennysheep_generic_room_7, uniq_erica

Skill      XL: |  1  2  3  4  5  6  7  8  9 10 |
---------------+-------------------------------+-----
Axes           | 3 4 5 6 7 8 9 11 12 | 12.0
Armour         | 2 4 5 |  5.6
Invocations    | 1 3 4 |  4.1
Fighting       | 3 4 5 |  5.8
Dodging        | 3 |  3.1
Shields        | 1 |  1.9
Throwing       | |  1.0
Spellcasting   | |  2.0
Translocations | |  2.4

Action                   |  1- 3 |  4- 6 |  7- 9 | 10-12 || total
-------------------------+-------+-------+-------+-------++-------
Melee: Hand axe          |    51 |    82 |   145 |       ||   278
       Kick              |    15 |    19 |    63 |     2 ||    99
       Peck              |    10 |    10 |    39 |     4 ||    63
       Punch             |       |       |     4 |     1 ||     5
       War axe           |       |       |    52 |    18 ||    70
Throw: Boomerang         |     7 |       |    46 |     5 ||    58
Invok: Heroism           |       |       |    16 |     2 ||    18
  Use: Scroll            |     3 |     5 |     5 |     2 ||    15
       Potion            |     2 |     2 |     2 |     1 ||     7
Armor: Leather armour    |     3 |       |       |       ||     3
       Scale mail        |     2 |    14 |       |       ||    16
       Chain mail        |       |     6 |    44 |       ||    50
       Plate armour      |       |       |     6 |    16 ||    22
Dodge: Dodged            |    28 |    37 |    78 |    23 ||   166
Block: Other             |       |     5 |    21 |       ||    26
       Kite shield       |       |       |       |    18 ||    18
       Reflection        |       |       |       |     1 ||     1

Table legend:
 A = Non-vault XP
 B = Vault XP
 C = Vault XP percentage of total XP
 D = Non-vault monster count
 E = Vault monster count
 F = Vault count percentage of total count
                 A         B        C        D         E       F
            +---------+---------+-------+---------+---------+-------
      Total |    5397 |     217 |   3.9 |     155 |       3 |   1.9
            +---------+---------+-------+---------+---------+-------
        D:1 |      31 |       0 |   0.0 |      15 |       0 |   0.0
        D:2 |      66 |       0 |   0.0 |      20 |       0 |   0.0
        D:3 |     185 |      15 |   7.5 |      24 |       2 |   7.7
        D:4 |     550 |     202 |  26.9 |      21 |       1 |   4.5
        D:5 |     532 |       0 |   0.0 |      13 |       0 |   0.0
        D:6 |    1459 |       0 |   0.0 |      22 |       0 |   0.0
        D:7 |    1833 |       0 |   0.0 |      32 |       0 |   0.0
        D:8 |     741 |       0 |   0.0 |       8 |       0 |   0.0
            +---------+---------+-------+---------+---------+-------
